 Dungeon Crawl Stone Soup version 0.15-a0-1119-g9b3a599 (webtiles) character file.

1460 Deemzul the Martial Artist (level 8, -1/53 (56) HPs)
             Began as an Octopode Monk on May 28, 2014.
             Was a Believer of Dithmenos.
             Slain by an orc
             ... wielding a +1,+0 mace
              (7 damage)
             ... on Level 7 of the Dungeon on May 29, 2014.
             The game lasted 00:11:48 (5420 turns).

Deemzul the Martial Artist (Octopode Monk)          Turns: 5420, Time: 00:11:48

HP  -1/53 (56)   AC  3     Str 10      XL: 8   Next: 76%
MP  13/13        EV 13     Int 12      God: Dithmenos [**....]
Gold 266         SH  0     Dex 17      Spells:  0 memorised,  7 levels left

rFire  . . .     SeeInvis .       - Unarmed
rCold  . . .     Clarity  .     (no shield)
rNeg   . . .     rCorr    .     (helmet restricted)
rPois  .         rRot     .     (no amulet)
rElec  .         Spirit   .     (no ring)
SustAb .         Warding  .     (no ring)
rMut   .         Stasis   .     (no ring)
Gourm  .                        (no ring)
MR     .....                    (no ring)
                                (no ring)
                                (no ring)
                                (no ring)

@: wreathed by umbra, not resistant to hostile enchantments, quite stealthy
A: almost no armour, amphibious, 8 rings, constrict 8, thin metallic scales 1,
camouflage 1, gelatinous body 1
a: Shadow Step, Renounce Religion


You were on level 7 of the Dungeon.
You worshipped Dithmenos.
Dithmenos was pleased with you.
You were hungry.

You visited 2 branches of the dungeon, and saw 8 of its levels.

You collected 266 gold pieces.

Inventory:

Armour
 p - a +1 buckler
Magical devices
 o - a wand of disintegration (4)
Comestibles
 b - 5 bread rations
 c - a rotting chunk of giant frog flesh
 h - 3 meat rations
 j - a slice of pizza
 q - 2 beef jerkies
 s - 7 fruits
Scrolls
 a - 3 scrolls of enchant weapon II
 d - a scroll of blinking {unknown}
 f - 7 scrolls of identify
 g - a scroll of enchant armour
 l - 2 scrolls of immolation
 m - a scroll of random uselessness
 u - a scroll of teleportation
Jewellery
 k - an uncursed ring of loudness
Potions
 e - 3 potions of heal wounds
 i - a potion of curing
 n - 2 potions of brilliance
 t - a potion of restore abilities {unknown}


   Skills:
 + Level 5.4 Fighting
 - Level 3.0 Dodging
 + Level 7.7 Stealth
 * Level 8.2 Unarmed Combat
 + Level 4.2 Evocations


You had 7 spell levels left.
You didn't know any spells.

Dungeon Overview and Level Annotations

Branches:
Dungeon (7/15)             Temple (1/1) D:5

Altars:
Ashenzari
Cheibriados
Dithmenos
Elyvilon
Fedhas
Gozag
Kikubaaqudgha
Makhleb
Nemelex Xobeh
Okawaru
Qazlal
Sif Muna
Vehumet
Xom
Yredelemnul
Zin
The Shining One

Shops:
D:6 [

Annotations:
D:5 Sigmund


Innate Abilities, Weirdness & Mutations

You cannot wear most types of armour.
You are amphibious.
You can wear up to eight rings at the same time.
You can use your tentacles to constrict many enemies at once.
Your skin changes colour to match your surroundings (Stealth).
Your rubbery body absorbs attacks (AC +1).
You are partially covered in thin metallic scales (AC +2).


Message History

You grab the orc warrior.
You constrict the orc warrior, but do no damage.
The orc misses you. The orc warrior misses you. The orc hits you with a mace!
Unknown command.
You tentacle-slap the orc priest. Your grab misses the orc priest.
The orc priest is lightly wounded.
You constrict the orc warrior. The orc hits you with a whip.
The orc priest calls upon Beogh to heal the orc warrior.
The orc warrior's wounds heal themselves!
The orc warrior hits you with a hand axe!
The orc hits you with a mace.
* * * LOW HITPOINT WARNING * * *
Unknown command.
Read which item? (? for menu, Esc to quit)
As you read the scroll labeled XUYKHLAYZY, it crumbles to dust.
The scroll dissolves into smoke.
It was a scroll of fog.
You constrict the orc warrior. The orc hits you with a whip!
* * * LOW HITPOINT WARNING * * *
The orc hits you with a mace!
You die...

. ... #####..#
..#...#
#####.#...###
#...........
.......r§.#
...##..ooo#
#....§o@§#
#.##..o§##
#......§.######
#.............#
.........####.#
#.......### #.#
.........# #.#
..#####.# #.# .
#.# #.#


You could see an orc warrior, an orc priest, 3 orcs and a rat.

Vanquished Creatures
  Menkaure (D:6)
  A sky beast (D:5)
  A necrophage (D:6)
  3 ice beasts
  2 centaurs (D:5)
  3 giant frogs (D:6)
  A scorpion (D:4)
  A goliath beetle (D:7)
  A jelly (D:6)
  2 iguanas
  2 hounds
  2 worker ants
  Jessica (D:2)
  4 gnolls (D:3)
  5 adders
  2 inept item mimics
  2 shadow imps
  4 worms
  An adder skeleton (D:6)
  4 giant geckos
  An orc (D:3)
  10 bats
  A giant cockroach (D:2)
  7 goblins
  16 hobgoblins
  15 jackals
  12 kobolds
  3 quokkas
  A ball python (D:2)
  A giant gecko zombie (D:5)
  13 giant newts
  A giant spore (D:6)
  A hobgoblin skeleton (D:6)
  A jackal skeleton (D:5)
  11 rats
  A rat skeleton (D:4)
  3 ballistomycetes (D:6)
141 creatures vanquished.

Vanquished Creatures (others)
  A giant frog (D:6)
1 creature vanquished.

Grand Total: 142 creatures vanquished

Notes
Turn   | Place    | Note
--------------------------------------------------------------
     0 | D:1      | Deemzul, the Octopode Monk, began the quest for the Orb.
     0 | D:1      | Reached XP level 1. HP: 16/16 MP: 1/1
     0 | D:1      | Upgraded the game from 0.15-a0-1081-gb32516e to 0.15-a0-1119-g9b3a599
   137 | D:1      | Reached XP level 2. HP: 14/21 MP: 2/2
   853 | D:2      | Reached XP level 3. HP: 16/26 MP: 3/3
  1079 | D:2      | Gained mutation: You have a fast metabolism. [potion of mutation]
  1079 | D:2      | Lost mutation: You have a fast metabolism. [potion of mutation]
  1079 | D:2      | Gained mutation: You are partially covered in thin metallic scales (AC +2). [potion of mutation]
  1081 | D:2      | Paralysed by a potion of paralysis for 2 turns
  1106 | D:2      | Noticed Jessica
  1220 | D:2      | Killed Jessica
  1220 | D:2      | Reached XP level 4. HP: 31/31 MP: 4/4
  1271 | D:2      | Reached skill level 5 in Unarmed Combat
  1487 | D:2      | Found a white marble altar of Elyvilon.
  1899 | D:3      | Reached XP level 5. HP: 30/36 MP: 5/5
  2016 | D:3      | Found a glowing silver altar of Zin.
  2018 | D:3      | Found a basalt altar of Yredelemnul.
  2519 | D:4      | Reached XP level 6. HP: 43/43 MP: 6/6
  2558 | D:4      | Reached skill level 5 in Stealth
  2558 | D:4      | Reached skill level 6 in Unarmed Combat
  2709 | D:4      | Noticed an ogre
  2711 | D:4      | Noticed an ogre
  2721 | D:5      | Entered Level 5 of the Dungeon
  2870 | D:5      | Noticed Sigmund
  3082 | D:6      | Found a blossoming altar of Fedhas.
  3090 | D:6      | Found a deep blue altar of Sif Muna.
  3104 | D:6      | Found a white marble altar of Elyvilon.
  3131 | D:6      | Reached skill level 1 in Evocations
  3261 | D:6      | Reached XP level 7. HP: 29/48 MP: 8/8
  3485 | D:6      | Found Myamod's Armour Emporium.
  3485 | D:6      | Noticed Menkaure
  3488 | D:6      | Killed Menkaure
  3623 | D:5      | Reached skill level 7 in Unarmed Combat
  3746 | D:5      | Found a staircase to the Ecumenical Temple.
  3765 | Temple   | Entered the Ecumenical Temple
  3801 | Temple   | Became a worshipper of Dithmenos the Shadowed
  3801 | Temple   | Acquired Dithmenos' first power
  3998 | D:5      | Reached XP level 8. HP: 54/54 MP: 11/11
  4412 | D:5      | Reached skill level 5 in Fighting
  4882 | D:6      | Reached skill level 8 in Unarmed Combat
  4893 | D:6      | Noticed a wyvern
  5420 | D:7      | Slain by an orc

Action                   |  1- 3 |  4- 6 |  7- 9 || total
-------------------------+-------+-------+-------++-------
Melee: Unarmed           |    76 |   162 |   124 ||   362
Evoke: Wand              |       |     2 |     6 ||     8
  Use: Potion            |     5 |       |       ||     5
       Scroll            |       |    10 |     2 ||    12
 Stab: Sleeping          |     1 |    12 |    12 ||    25
       Distracted        |       |       |     1 ||     1
